 Dungeon Crawl Stone Soup version 0.27-a0-1135-g81dfa19a63 (webtiles) character file.

Game seed: 6941024451994641329

1710 DasRunzen the Conjurer (level 8, -7/67 HPs)
             Began as a Demigod Conjurer on May 4, 2021.
             Mangled by a mummy (18 damage)
             ... in an ossuary.
             The game lasted 00:21:40 (7001 turns).

DasRunzen the Conjurer (Demigod Conjurer)           Turns: 7001, Time: 00:21:41

Health: -7/67      AC:  3    Str: 16    XL:     8   Next: 45%
Magic:  1/18       EV: 13    Int: 20    God:
Gold:   113        SH:  0    Dex: 12    Spells: 10/16 levels left

rFire    . . .     SeeInvis .   e - +2 spear (vamp)
rCold    + . .     Faith    .   (no shield)
rNeg     . . .     Spirit   .   p - +0 leather armour {rC+}
rPois    .         Reflect  .   (no helmet)
rElec    .         Harm     .   (no cloak)
rCorr    .         Rampage  .   (no gloves)
Will     .....                  (no boots)
Stlth    ++........             (no amulet)
HPRegen  0.21/turn              (no ring)
MPRegen  0.16/turn              (no ring)

@: hasted, very quick
A: high mp 1, forlorn
a: no special abilities


You were in an ossuary.
You visited 1 branch of the dungeon, and saw 6 of its levels.
You also visited: Ossuary.

You collected 113 gold pieces.

Inventory:

Hand Weapons
 e - a +2 vampiric spear (weapon)
Missiles
 d - a throwing net
Armour
 p - a +0 leather armour of cold resistance (worn)
Jewellery
 c - a +6 ring of intelligence
 f - a ring of ice
Wands
 o - a wand of acid (13)
Scrolls
 n - 2 scrolls of magic mapping
Potions
 b - 2 potions of magic
 h - a potion of attraction


   Skills:
 + Level 4.4 Fighting
 + Level 2.7 Armour
 + Level 4.9 Dodging
 - Level 1.7 Stealth
 + Level 4.5 Spellcasting
 + Level 5.8 Conjurations
 + Level 2.8 Hexes


You had 10 spell levels left.
You knew the following spells:

 Your Spells              Type           Power      Damage    Failure   Level
a - Magic Dart            Conj           100%       1d8       1%          1
b - Searing Ray           Conj           56%        3d5       1%          2
c - Dazzling Flash        Conj/Hex       42%        N/A       8%          3

Your spell library contained the following spells:

 Spells                   Type           Power      Damage    Failure   Level
 Corona                   Hex            16%        N/A       4%          1
 Ensorcelled Hibernation  Hex/Ice        20%        N/A       12%         2
 Animate Skeleton         Necr           8%         N/A       14%         1
 Apportation              Tloc           8%         N/A       14%         1
 Summon Small Mammal      Summ           16%        N/A       14%         1
 Confusing Touch          Hex            15%        N/A       14%         3
 Tukima's Dance           Hex            15%        N/A       14%         3
 Fulminant Prism          Conj/Hex       10%        3d9       24%         4
 Iskenderun's Mystic Bla  Conj/Tloc      16%        2d5       41%         4


Dungeon Overview and Level Annotations

Branches:
Dungeon (6/15)             Temple (0/1) D:6         Ossuary (1/1)

Shops:
D:2 (   D:5 *


Innate Abilities, Weirdness & Mutations

Your attributes grow dramatically as you level up.
You have an increased reservoir of magic. (+10% MP)
You shall have no god before yourself.


Message History

Aiming: Searing Ray (safe; 1% risk of failure)
Press: ? - help, Shift-Dir - straight line, f - bullfrog zombie
Aim: a bullfrog zombie (wandering, hasn't noticed you, 87% to hit)
The searing ray hits the bullfrog zombie!
The bullfrog zombie is moderately damaged. (Press . to maintain the ray.)
The searing ray hits the bullfrog zombie!
The bullfrog zombie is severely damaged.
The searing ray hits the bullfrog zombie!
The bullfrog zombie is almost destroyed.
The bullfrog zombie misses you.
A mummy comes into view.
The searing ray hits the bullfrog zombie!
You destroy the bullfrog zombie!
You finish channeling your searing ray.
It was a potion of haste.
You feel yourself speed up.
Your resistance to elements expires.
You feel a little less mighty now.
Casting: Searing Ray (safe; 1% risk of failure)
Confirm with . or Enter, or press ? or * to list all spells.
Aiming: Magic Dart (safe; 1% risk of failure)
Press: ? - help, Shift-Dir - straight line, f - mummy
Aim: a mummy (100% to hit)
The magic dart hits the mummy.
The mummy is lightly damaged.
Casting: Magic Dart (safe; 1% risk of failure)
Confirm with . or Enter, or press ? or * to list all spells.
Aiming: Magic Dart (safe; 1% risk of failure)
Press: ? - help, Shift-Dir - straight line, f/p - mummy
Aim: a mummy (lightly damaged, 100% to hit)
The magic dart hits the mummy but does no damage.
The mummy is lightly damaged.
You puncture the mummy!
The mummy is heavily damaged.
You hit the mummy but do no damage.
The mummy is heavily damaged.
You hit the mummy.
The mummy is heavily damaged.
Something unseen opens the door.
The mummy hits you!!
You die...

##### # #
#...#.'Z#
#@M.'.#
#∩..#.'.#
##### ###


You could see a mummy and a centaur zombie (wandering).

Vanquished Creatures
  A water moccasin (D:5)
  An ogre (D:5)
  Blork the orc (D:4)
  A bullfrog (D:6)
  4 elf skeletons (D:6)
  A water moccasin zombie (Ossuary)
  A scorpion (D:6)
  2 jellies (D:6)
  2 centaur zombies
  2 hounds (D:5)
  3 bullfrog zombies (Ossuary)
  An iguana (D:5)
  2 orc priests
  Jessica (D:2)
  6 orc wizards
  Ijyb (D:5)
  5 mummies (Ossuary)
  19 gnolls
  6 adders
  A worm (D:2)
  2 adder skeletons
  3 dart slugs
  24 orcs
  10 ball pythons
  4 endoplasms
  4 giant cockroaches
  8 goblins
  8 hobgoblins
  8 jackals
  5 quokkas
  8 bats
  3 frilled lizards
  8 kobolds
  6 rats
162 creatures vanquished.

Vanquished Creatures (others)
  15 plants (D:5)
  3 withered plants (Ossuary)
18 creatures vanquished.

Grand Total: 180 creatures vanquished

Notes
Turn   | Place    | Note
-------+----------+-------------------------------------------
     0 | D:1      | DasRunzen the Demigod Conjurer began the quest for the Orb.
     0 | D:1      | Reached XP level 1. HP: 14/14 MP: 5/5
   427 | D:1      | Reached XP level 2. HP: 22/22 MP: 5/7
   430 | D:1      | Learned a level 2 spell: Searing Ray
   774 | D:1      | You fall into a shaft and drop 1 floor!
   774 | D:2      | Found Sidghiali's Weapon Shop.
   849 | D:2      | Reached skill level 1 in Fighting
   932 | D:2      | Reached XP level 3. HP: 5/28 MP: 4/8
   935 | D:2      | Reached skill level 4 in Conjurations
  1338 | D:2      | Reached XP level 4. HP: 23/36 MP: 5/10
  1692 | D:2      | Noticed Jessica
  1696 | D:2      | Killed Jessica
  2505 | D:3      | Reached XP level 5. HP: 28/41 MP: 1/11
  3798 | D:3      | Reached XP level 6. HP: 50/50 MP: 8/13
  4078 | D:4      | Noticed Blork the orc
  4445 | D:4      | Identified the +1 plate armour "Qamm" {rF+}
  4963 | D:4      | Killed Blork the orc
  5030 | D:4      | Learned a level 3 spell: Dazzling Flash
  5306 | D:5      | Entered Level 5 of the Dungeon
  5316 | D:5      | Reached skill level 5 in Conjurations
  5436 | D:5      | Reached XP level 7. HP: 38/57 MP: 1/15
  5756 | D:5      | Noticed Ijyb
  5769 | D:5      | Killed Ijyb
  5770 | D:5      | Reached skill level 1 in Armour
  5770 | D:5      | Reached skill level 1 in Hexes
  6080 | D:5      | Found Amothotu's Assorted Antiques.
  6767 | D:6      | Found a staircase to the Ecumenical Temple.
  6781 | D:6      | Reached XP level 8. HP: 43/66 MP: 7/17
  6889 | D:6      | Found a sand-covered staircase.
  6911 | Ossuary  | Entered an ossuary
  7001 | Ossuary  | Mangled by a mummy

Illustrated notes

Levels and vault maps discovered:
D:1:      mainiacjoe_arrival_reflecting_pool, layout_basic,
          shapermc_ecumenical_altar_notcrosses
D:2:      layout_basic, serial_shops, nicolae_shop_waterfront, uniq_jessica
D:3:      layout_basic, lemuel_round_altar, okawaru_altar_gauntlet_db,
          gammafunk_temple_overflow_claw, guppyfry_early_orc_mine
D:4:      layout_loops_ring, uniq_blork_the_orc
D:5:      layout_loops_cross, makhleb_heckhound_becter, grunt_qazlal_clouds,
          serial_shops, shop, serial_bayou_pond_c, uniq_ijyb
D:6:      layout_basic, minmay_temple_entry_glass,
          nicolae_ossuary_entry_catacombs
Ossuary:  ossuary_zaba_flooded

Skill      XL: |  1  2  3  4  5  6  7  8 |
---------------+-------------------------+-----
Dodging        | 2 3 4 |  4.9
Spellcasting   | 2 3 4 |  4.5
Fighting       | 1 2 3 4 |  4.4
Conjurations   | 4 5 |  5.8
Armour         | 2 |  2.7
Hexes          | 2 |  2.8
Stealth        | |  1.7

Action                   |  1- 3 |  4- 6 |  7- 9 || total
-------------------------+-------+-------+-------++-------
Melee: Unarmed           |    34 |       |       ||    34
       Hand axe          |     1 |       |       ||     1
       Spear             |       |   206 |    56 ||   262
 Cast: Magic Dart        |    47 |    30 |    10 ||    87
       Searing Ray       |     4 |    31 |    24 ||    59
       Dazzling Flash    |       |       |     1 ||     1
  Use: Scroll            |       |     9 |     1 ||    10
       Potion            |       |       |     8 ||     8
 Stab: Sleeping          |       |     5 |     1 ||     6
       Invisible         |       |       |     1 ||     1
Armor: Robe              |     8 |    26 |       ||    34
       Leather armour    |       |     6 |     7 ||    13
Dodge: Dodged            |    39 |   155 |    61 ||   255

Table legend: (Time is in decaauts)
 A = Elapsed time spent in this place.
 B = Non-inter-level travel time spent in this place.
 C = Inter-level travel time spent in this place.
 D = Time resting spent in this place.
 E = Time spent auto-exploring this place.
 F = Levels seen in this place.
 G = Mean time per level.
                   A        B        C        D        E       F      G
               +--------+--------+--------+--------+--------+-----+--------+
         Total |   7035 |   6904 |    131 |   1293 |   4220 |   7 | 1005.0 |
       Dungeon |   6945 |   6814 |    131 |   1255 |   4220 |   6 | 1157.5 |
       Ossuary |     89 |     89 |      0 |     38 |      0 |   1 |   89.0 |
               +--------+--------+--------+--------+--------+-----+--------+

Top non-repeatable levels by time:
     D:3: 1911 daAuts
     D:2: 1412 daAuts
     D:5: 1316 daAuts
     D:1: 1083 daAuts
     D:4: 1000 daAuts
     D:6: 221 daAuts
 Ossuary: 89 daAuts
